 Dungeon Crawl Stone Soup version 0.32-a0-933-ga8fa3634e4 (webtiles) character file.

Game seed: 4592922387554926530

4519 GiantSquids the Toxicologist (level 10, 0/56 HPs)
             Began as an Octopode Alchemist on Apr 15, 2024.
             Was a Priest of Vehumet.
             Slain by a wraith (14 damage)
             ... on level 9 of the Dungeon.
             The game lasted 00:33:33 (8077 turns).

GiantSquids the Toxicologist (Octopode Alchemist)   Turns: 8077, Time: 00:33:35

Health: 0/56       AC:  1    Str:  8    XL:     10   Next: 39%
Magic:  19/30      EV: 17    Int: 22    God:    Vehumet [***...]
Gold:   379        SH:  5    Dex: 18    Spells: 17/24 levels left

rFire   + . .        z - +9 sling of Optimality {speed, rElec rCorr MP+9}
rCold   . . .        (no shield)
rNeg    . . .        (helmet restricted)
rPois   .            u - amulet of reflection
rElec   +            c - +5 ring of evasion
rCorr   +            l - +6 ring of dexterity
SInv    .            C - ring of flight
Will    .....        H - ring of protection from fire
Stlth   ++++         (no ring)
HPRegen 0.29/turn    (no ring)
MPRegen 0.22/turn    (no ring)
                     (no ring)

%: reflection
@: weakened, flying, slowed, very slow
A: almost no armour, amphibious, 8 rings, camouflage 1, gelatinous body 1,
(nimble swimmer 1), tentacles
a: Renounce Religion


You were on level 9 of the Dungeon.
You worshipped Vehumet.
Vehumet was most pleased with you.
You visited 1 branch of the dungeon, and saw 9 of its levels.
You also visited: Sewer.

You collected 407 gold pieces.
You spent 28 gold pieces at shops.

Inventory:

Hand Weapons
 o - a +3 dagger of speed
 z - the +9 sling of Optimality (weapon) {speed, rElec rCorr MP+9}
   (You found it on level 5 of the Dungeon)

   rElec:     It insulates you from electricity.
   MP+9:      It affects your magic capacity (+9).
   rCorr:     It protects you from acid and corrosion.
Missiles
 g - 30 poisoned darts
 O - a throwing net
Armour
 h - an orb of energy
Jewellery
 c - a +5 ring of evasion (left tentacle)
 l - a +6 ring of dexterity (right tentacle)
 u - an amulet of reflection (around mantle)
 A - an amulet of guardian spirit
 C - a ring of flight (on tentacle)
 H - a ring of protection from fire (on tentacle)
Wands
 B - a wand of flame (19)
 D - a wand of warping (7)
 J - a wand of digging (2)
 L - a wand of charming (7)
Scrolls
 d - 2 scrolls of poison
 e - 2 scrolls of teleportation
 f - 2 scrolls of fog
 i - 2 scrolls of torment
 j - a scroll of fear
 m - a scroll of revelation
 p - 2 scrolls of blinking
 q - a scroll of immolation {unknown}
 r - a scroll of enchant armour
 s - 4 scrolls of amnesia
 w - a scroll of noise {unknown}
 y - a scroll of summoning {unknown}
Potions
 a - a potion of magic
 b - a potion of degeneration {unknown}
 k - 3 potions of heal wounds
 n - a potion of lignification {unknown}
 t - a potion of berserk rage {unknown}
 v - 2 potions of ambrosia {unknown}
 x - 3 potions of haste
 E - 4 potions of mutation
 F - 2 potions of enlightenment {unknown}
 G - 3 potions of attraction {unknown}
 I - a potion of invisibility {unknown}
 K - a potion of brilliance {unknown}
 M - a potion of might {unknown}
 N - a potion of curing {unknown}


   Skills:
 - Level 2.0 Dodging
 - Level 6.0 Stealth
 + Level 7.9 Spellcasting
 - Level 1.0 Conjurations
 * Level 13.1 Alchemy


You had 17 spell levels left.
You knew the following spells:

 Your Spells              Type           Power      Damage    Failure   Level
a - Sting                 Conj/Alch      100%       1d9       1%          1
b - Mercury Vapours       Alch/Air       74%        N/A       1%          2
c - Olgreb's Toxic Radia  Alch           61%        N/A       1%          4

Your spell library contained the following spells:

 Spells                   Type           Power      Damage    Failure   Level
 Flame Wave               Conj/Fire      11%        2d6       16%         4
 Mephitic Cloud           Conj/Alch/Air  29%        N/A       1%          3
 Sticky Flame             Fire/Alch      37%        2d8       1%          4
 Freeze                   Ice            32%        1d5       2%          1
 Static Discharge         Conj/Air       22%        3-4/arc   2%          2
 Hailstorm                Conj/Ice       11%        3d6       5%          3
 Frozen Ramparts          Ice            16%        1d3       6%          3
 Airstrike                Air            4%         2d(1-17)  19%         4
 Freezing Cloud           Conj/Ice/Air   5%         6-21      41%         5
 Summon Lightning Spire   Summ/Air       8%         N/A       58%         4


Dungeon Overview and Level Annotations

Branches:
Dungeon (9/15)             Temple (0/1) D:7           Sewer (visited)
   Lair: D:8-11         Orc: D:9-12

Altars:
Cheibriados
Dithmenos
Fedhas
Gozag
Hepliaklqana
Makhleb
Nemelex Xobeh
Vehumet
Xom
The Shining One

Shops:
D:1 =?=   D:6 :?!

Annotations:
D:5 exclusion: ice beast


Innate Abilities, Weirdness & Mutations

You cannot wear most types of armour.
You are amphibious.
You can wear up to eight rings at the same time.
Your skin changes colour to match your surroundings (Stealth+).
Your rubbery body absorbs attacks. (AC +1, EV +1)
((You are camouflaged when in or above water. (Stealth+)))
You have tentacles for arms and can constrict up to eight enemies at once.


Message History

The wraith hits you. The wraith drains your vigour!
You feel yourself slow down.
You shoot a sling bullet.
The sling bullet barely misses the wraith.
The wraith barely misses you. The wraith misses you.
You shoot a sling bullet.
The sling bullet hits the wraith but does no damage.
The wraith is lightly damaged.
You hear a shout!
The wraith hits you!
You hear a shout!
You hear a bellow!
You shoot a sling bullet.
The sling bullet completely misses the wraith.
The wraith hits you. The wraith drains your vigour!
You feel as though you will be slow longer.
You shoot a sling bullet. The sling bullet hits the wraith.
The wraith is moderately damaged.
The wraith hits you! The wraith drains your vigour!
You feel as though you will be slow longer.
The gnoll bouda gazes fiercely through you!
You feel your attacks grow feeble. The wraith misses you.
You hear a shout!
Casting: Olgreb's Toxic Radiance (safe; 1% risk of failure)
Confirm with . or Enter, or press ? or * to list all spells.
You begin to radiate toxic energy.
The gnoll bouda is poisoned.
You hear a shout!
You hear a bellow!
The wraith misses you.
The gnoll bouda gazes fiercely through you!
You feel as though you will be weak longer.
The gnoll bouda hits you with a +0 whip.
* * * LOW HITPOINT WARNING * * *
Okay, then.
As you read the scroll of fear, it crumbles to dust.
You assume a fearsome visage.
The wraith is unaffected.
The gnoll bouda looks frightened!
Your attack snaps the gnoll bouda out of its fear.
Your toxic aura wanes.
The wraith hits you!
You die...

***,,,,* *..,>,,,,,,,,**,,
***,,**** *.#*,,,.,,,,,,*,,
*,,,,.#######.####)g,,,,,,,,,
***,,..#####..##.)..,*,,,,,,,
**,.....##..##.##.,*,**,,,,
**.###.##.....##.,*,*,,,,,
*...........###.,*,,,,,,,
*###.##gW##.....,,,,,,,,,
###....@######.*,,,,,,,,
#####..<######.****,,,,,
####........##.****,,,,,
####.#####.....,,,*,,,,,
###..########..**,*,,,,,
###..########..,,,,,,,,,
###..########..,,,*,,<,,
##...########..,,,****,,
##.##########..,,,* **,


You could see a wraith and a gnoll bouda (poisoned).

Vanquished Creatures
  Maurice (D:7)
  4 yaks (D:8)
  2 steam dragons
  Eustachio (D:5)
  Duvessa (D:5)
  Pargi (Sewer)
  2 orc warriors (D:8)
  A sky beast (D:8)
  A black bear (D:5)
  An ice beast (D:7)
  3 centaurs (D:7)
  A phantom (D:4)
  2 kobold brigands
  Blork the orc (D:5)
  A brain worm (Sewer)
  2 bullfrogs
  4 scorpions
  Dowan (D:5)
  11 killer bees (D:7)
  A howler monkey (D:4)
  2 bombardier beetles
  4 jellies
  6 orc priests
  A gnoll bouda (D:4)
  A hound (D:6)
  3 orc wizards
  8 iguanas
  9 gnolls
  5 adders
  A shadow imp (D:6)
  5 white imps
  2 ribbon worms
  3 dart slugs (D:1)
  29 orcs
  3 ball pythons
  9 endoplasms
  3 giant cockroaches
  7 goblins
  2 hobgoblins
  7 jackals
  18 kobolds
  12 quokkas
  12 bats
  6 frilled lizards
  8 rats
208 creatures vanquished.

Notes
Turn   | Place    | Note
-------+----------+-------------------------------------------
     0 | D:1      | GiantSquids the Octopode Alchemist began the quest for the
                  | Orb.
     0 | D:1      | Reached XP level 1. HP: 11/11 MP: 3/3
    51 | D:1      | Reached XP level 2. HP: 4/17 MP: 1/5
   156 | D:1      | Found Lequaj's Jewellery Emporium.
   170 | D:1      | Found Joihyj's Jewellery Shoppe.
   194 | D:1      | Found Edenech's Magic Scroll Emporium.
   301 | D:1      | Reached skill level 4 in Alchemy
   384 | D:1      | Reached XP level 3. HP: 21/21 MP: 4/6
   833 | D:2      | Reached XP level 4. HP: 16/27 MP: 4/8
  1719 | D:3      | Reached skill level 5 in Alchemy
  1908 | D:3      | Found a shadowy altar of Dithmenos.
  1908 | D:3      | Found a radiant altar of Vehumet.
  1913 | D:3      | Became a worshipper of Vehumet
  2174 | D:3      | Reached XP level 5. HP: 23/31 MP: 5/9
  2402 | D:3      | Found a faded altar of an unknown god.
  2606 | D:4      | Noticed a phantom
  2632 | D:4      | Killed a phantom
  2633 | D:4      | Reached XP level 6. HP: 22/36 MP: 8/11
  2745 | D:4      | Reached skill level 6 in Alchemy
  3220 | D:5      | Entered Level 5 of the Dungeon
  3228 | D:5      | Noticed an ice beast
  3307 | D:5      | Reached * piety under Vehumet
  3307 | D:5      | Offered knowledge of Foxfire by Vehumet.
  3308 | D:5      | Reached XP level 7. HP: 35/41 MP: 8/12
  3350 | D:5      | Identified the +9 sling of Optimality {speed, rElec rCorr
                  | MP+9}
  3440 | D:5      | Learned a level 2 spell: Mercury Vapours
  3448 | D:5      | Noticed Blork the orc
  3468 | D:4      | Reached skill level 5 in Stealth
  3615 | D:5      | Noticed Dowan
  3616 | D:5      | Noticed Duvessa
  3638 | D:5      | Reached skill level 7 in Alchemy
  3690 | D:5      | Killed Duvessa
  3693 | D:5      | Killed Dowan
  3857 | D:5      | Found a snail-covered altar of Cheibriados.
  4043 | D:5      | Killed Blork the orc
  4044 | D:5      | Reached XP level 8. HP: 8/46 MP: 14/14
  4263 | D:5      | Noticed Eustachio
  4279 | D:5      | Killed Eustachio
  4280 | D:5      | Reached skill level 8 in Alchemy
  4459 | D:5      | Learned a level 4 spell: Olgreb's Toxic Radiance
  4552 | D:6      | Reached skill level 5 in Spellcasting
  4598 | D:6      | Found a glowing drain.
  4613 | Sewer    | Entered a sewer
  4689 | Sewer    | Reached skill level 9 in Alchemy
  4756 | Sewer    | Noticed Pargi
  4767 | Sewer    | Killed Pargi
  4847 | Sewer    | Reached ** piety under Vehumet
  4847 | Sewer    | Offered knowledge of Freeze by Vehumet.
  4900 | D:6      | Found Vuveym's Distillery.
  5025 | D:6      | Reached XP level 9. HP: 45/51 MP: 8/17
  5200 | D:6      | Reached skill level 10 in Alchemy
  5277 | D:6      | Found Wuiryxt's Magic Scroll Boutique.
  5281 | D:6      | Bought a scroll of identify for 28 gold pieces
  5348 | D:6      | Found Tomoxtis's Book Emporium.
  5541 | D:6      | Found a burning altar of Makhleb.
  5738 | D:7      | Noticed Maurice
  5752 | D:7      | Killed Maurice
  5883 | D:7      | Reached skill level 11 in Alchemy
  5998 | D:7      | Offered knowledge of Momentum Strike by Vehumet.
  6094 | D:7      | Found a faded altar of an unknown god.
  6113 | D:7      | Reached *** piety under Vehumet
  6114 | D:7      | Found a hazy altar of Hepliaklqana.
  6114 | D:7      | Found a faded altar of an unknown god.
  6196 | D:7      | Reached skill level 12 in Alchemy
  6274 | D:7      | Found a large runed translucent door.
  6274 | D:7      | Found a large runed translucent door.
  6381 | D:7      | Reached XP level 10. HP: 56/56 MP: 17/20
  6605 | D:7      | Found a staircase to the Ecumenical Temple.
  6668 | D:7      | Found a shimmering altar of Xom.
  6989 | D:8      | Found a sparkling altar of Nemelex Xobeh.
  6989 | D:8      | Found a glowing golden altar of the Shining One.
  6996 | D:8      | Found a blossoming altar of Fedhas.
  6998 | D:8      | Found a faded altar of an unknown god.
  7000 | D:8      | Found an opulent altar of Gozag.
  7195 | D:8      | Offered knowledge of Flame Wave by Vehumet.
  7623 | D:8      | Reached skill level 13 in Alchemy
  7741 | D:8      | Found a shimmering altar of Xom.
  8077 | D:9      | Slain by a wraith

Illustrated notes

Levels and vault maps discovered:
D:1:      roadster_arrival_rocket_small, layout_basic, serial_shops,
          nicolae_shop_peninsula, nicolae_shop_gaudy_bauble,
          nicolae_shop_hallway_plus
D:2:      layout_loops_cross, minmay_bisected
D:3:      layout_loops_ring, nicolae_overflow_two_pavilions,
          shapermc_ecumenical_altar_mp_vishouse
D:4:      layout_rooms, hangedman_decor_slide_cut
D:5:      layout_basic, mainiacjoe_overflow_catwalk, uniq_duvessa,
          uniq_blork_the_orc, uniq_eustachio
D:6:      layout_loops_ring, marbit_many_paths, serial_shops, shop,
          kennysheep_little_box, shop, gup_sewer_entry_pipe
D:7:      due_chaos_kobolds, layout_basic,
          nicolae_hepliaklqana_ecumenical_no_more, minmay_temple_entry_poolview,
          dreamdust_mushroom_princess, uniq_maurice
D:8:      layout_gridville, kennysheep_mini, chequers_temple_overflow_minitemple
D:9:      layout_rooms, trog_three_pillars_becter

Skill      XL: |  1  2  3  4  5  6  7  8  9 10 |
---------------+-------------------------------+-----
Stealth        | 3 4 6 |  6.0
Alchemy        | 4 5 6 7 9 12 13 | 13.1
Spellcasting   | 3 4 5 7 |  7.9
Dodging        | |  2.0
Conjurations   | |  1.0

Action                     |  1- 3 |  4- 6 |  7- 9 | 10-12 || total
---------------------------+-------+-------+-------+-------++-------
  Melee: Unarmed           |    44 |     2 |       |       ||    46
         Constrict         |     8 |    14 |     1 |       ||    23
         Tentacles         |     7 |    13 |       |       ||    20
         Dagger            |       |    71 |     4 |       ||    75
   Fire: Sling             |       |       |    65 |    33 ||    98
   Cast: Sting             |    23 |    87 |    58 |     3 ||   171
         Mercury Vapours   |       |       |    19 |     1 ||    20
         Olgreb's Toxic Ra |       |       |    53 |    31 ||    84
    Use: Scroll            |       |       |     2 |    11 ||    13
   Stab: Sleeping          |     2 |     2 |       |       ||     4
 Armour: Skin              |    24 |    19 |    33 |    11 ||    87
  Dodge: Dodged            |    37 |    44 |    72 |    17 ||   170
  Block: Other             |       |       |    15 |     1 ||    16
         Reflection        |       |       |     2 |       ||     2

Table legend: (Time is in decaauts)
 A = Elapsed time spent in this place.
 B = Non-inter-level travel time spent in this place.
 C = Inter-level travel time spent in this place.
 D = Time resting spent in this place.
 E = Time spent auto-exploring this place.
 F = Levels seen in this place.
 G = Mean time per level.
                   A        B        C        D        E       F      G
               +--------+--------+--------+--------+--------+-----+--------+
         Total |   8047 |   7769 |    278 |    586 |   5544 |  10 |  804.7 |
       Dungeon |   7771 |   7493 |    278 |    574 |   5375 |   9 |  863.4 |
         Sewer |    275 |    275 |      0 |     12 |    169 |   1 |  275.0 |
               +--------+--------+--------+--------+--------+-----+--------+

Top non-repeatable levels by time:
     D:5: 1201 daAuts
     D:8: 1198 daAuts
     D:6: 1085 daAuts
     D:7: 1018 daAuts
     D:2: 908 daAuts
     D:3: 862 daAuts
     D:4: 747 daAuts
     D:1: 712 daAuts
   Sewer: 275 daAuts
     D:9: 37 daAuts
